 Dungeon Sprint DCSS version 0.17-a0-1650-gce8475a (webtiles) character file.

57269 Kidiri the Unseen (level 13, 0/49 HPs)
             Began as a Spriggan Enchanter on Aug 13, 2015.
             Was the Champion of Dithmenos.
             Slain by a kraken (34 damage)
             ... in the Dungeon (Sprint III: "The Ten Rune Challenge").
             The game lasted 00:16:41 (3640 turns).

Kidiri the Unseen (Spriggan Enchanter)              Turns: 3640, Time: 00:16:41

Health: 0/49       AC:  7    Str:  2    XL:     13   Next: 14%
Magic:  27/34      EV: 35    Int: 18    God:    Dithmenos [******]
Gold:   59         SH:  0    Dex: 18    Spells: 8 memorised, 22 levels left

rFire  . . .     SeeInvis +     a - +1 dagger
rCold  . . .     Clarity  .     b - +1 robe
rNeg   . . .     SustAt   .     (shield restricted)
rPois  +         Gourm    .     u - +1 hat
rElec  .         Spirit   .     m - +2 cloak {+Inv}
rCorr  .         Warding  .     (gloves unavailable)
rMut   .         NoTele   +     (boots unavailable)
MR     ++...                    (no amulet)
Stlth  ++++++++++               (no ring)
                                (no ring)

@: wreathed by umbra, very quick, very resistant to hostile enchantments,
uncannily stealthy
A: unfitting armour, see invisible, breathe flames 1, clumsy 1, herbivore 3,
speed 3, frail 1, sense surroundings 1, poison resistance, slow metabolism 2,
weak 1
a: Shadow Step, Shadow Form, Renounce Religion, Breathe Fire, Evoke Invisibility
}: 2/10 runes: decaying, barnacled


You were in the Dungeon.
You worshipped Dithmenos.
Dithmenos was exalted by your worship.
You were not hungry.

You visited 1 branch You collected 59 gold pieces.

Inventory:

Hand weapons
 a - a +1 dagger (weapon)
Armour
 b - a +1 robe (worn)
 m - a +2 cloak of invisibility (worn)
 u - a +1 hat (worn)
Magical devices
 n - a wand of hasting (5)
Scrolls
 j - a scroll of blinking
 o - 2 scrolls of holy word {unknown}
 p - a scroll of fog {unknown}
 t - a scroll of remove curse {unknown}
Potions
 d - a potion of curing
 e - 2 potions of experience {unknown}
 f - a potion of heal wounds
 g - a potion of haste
 h - 3 potions of magic
 i - 2 potions of berserk rage
 k - a potion of cure mutation {unknown}
 l - a potion of might
 r - 2 potions of invisibility
 s - 2 potions of flight
 v - 2 potions of agility {unknown}
Books
 c - a book of Callings

   Spells                             Type                      Level
   a - Summon Small Mammal            Summoning                    1
   b - Call Imp                       Summoning                    2
   c - Call Canine Familiar           Summoning                    3
   d - Summon Guardian Golem          Hexes/Summoning              3
   e - Summon Lightning Spire         Summoning/Air                4
   f - Summon Ice Beast               Ice/Summoning                4
Comestibles
 q - 21 royal jellies


   Skills:
 + Level 11.3 Short Blades
 * Level 19.3 Dodging
 * Level 20.9 Stealth
 * Level 16.5 Spellcasting
 + Level 7.6 Conjurations
 + Level 12.5 Hexes
 + Level 7.3 Summonings
 + Level 8.7 Ice Magic
 + Level 7.9 Air Magic
 - Level 3.0 Invocations
 + Level 12.4 Evocations


You had 22 spell levels left.
You knew the following spells:

 Your Spells              Type           Power        Failure   Level  Hunger
a - Corona                Hex            ######.      1%          1    None
b - Ensorcelled Hibernat  Hex/Ice        ######       1%          2    None
c - Confuse               Hex            ######..     1%          3    None
d - Tukima's Dance        Hex            ######..     1%          3    None
e - Dazzling Spray        Conj/Hex       ######..     1%          3    None
f - Summon Guardian Gole  Hex/Summ       ######..     1%          3    None
g - Summon Lightning Spi  Summ/Air       #####...     1%          4    None
h - Summon Ice Beast      Ice/Summ       #####...     1%          4    None


Dungeon Overview and Level Annotations

Branches:
Dungeon (1/1)

Altars:
Cheibriados
Dithmenos
Elyvilon
Fedhas
Gozag
Kikubaaqudgha
Makhleb
Nemelex Xobeh
Okawaru
Qazlal
Ru
Sif Muna
Trog
Vehumet
Xom
Yredelemnul
Zin
The Shining One
Jiyva
Lugonu

Shops:
D %=[[%=


Innate Abilities, Weirdness & Mutations

You are tiny and cannot use many weapons and most armour.
You have supernaturally acute eyesight.
You are a herbivore.
You cover ground extremely quickly.
You need consume almost no food.
You can breathe flames.
You are clumsy. (Dex -2)
You are frail (-10% HP).
You passively map a small area around you.
Your system is resistant to poisons.
You are weak. (Str -2)


Message History

Aiming: Dazzling Spray
Press: ? - help, Shift-Dir - straight line, f/p - kraken
Aim: a kraken (ink, water, severely wounded, umbra)
The spray of energy hits the kraken.
The kraken is severely wounded.
The kraken squirts a massive cloud of ink into the water!
The kraken barely misses you.
You hit the kraken but do no damage.
The kraken is severely wounded.
The kraken squirts a massive cloud of ink into the water!
You hit the kraken but do no damage.
The kraken is severely wounded.
You hit the kraken but do no damage.
The kraken is severely wounded.
The kraken squirts a massive cloud of ink into the water!
You hit the kraken but do no damage.
The kraken is severely wounded.
The kraken bites you!!
Ouch! That really hurt!
You die...

+♣
♣♣.##.##.##'≈≈≈≈§####
* ** .♣
♣..#.##...#≈≈...§§§§,
, ##♣♣
♣♣.##.##.)#≈..+#####
* * .PP♣
♣♣.##.#####...# ,,,
..P♣ ♣.....##%.....#
####
########'############
♣♣ ▓..........PP▓ .♣
▓§§.......P≈≈▓ * .♣♣
###### ▓≈§§@....P≈≈≈▓
♣.♣ #....#
▓≈§X§§..§§≈≈≈▓ * .♣♣
#....# ▓≈§§§§§§§§≈≈≈▓
.♣♣ #....#
▓≈≈≈≈≈≈≈§§≈≈≈▓
.%♣♣#...##
▓≈≈≈≈≈≈≈≈≈≈≈≈▓ ,
♣[♣♣≈####♣♣
▓≈≈≈≈≈≈≈≈≈≈≈≈▓*
♣♣.♣♣..≈.≈♣
▓≈≈≈≈≈≈≈≈≈≈≈≈▓ ,
♣.≈♣♣♣♣♣♣.♣
▓≈≈≈≈≈≈≈≈≈≈≈≈▓* ,
.≈..§§.≈..♣
▓≈≈≈≈≈≈≈X≈≈≈≈▓ , ,


You could see a kraken.

Vanquished Creatures
  the Lernaean hydra (D)
  Rupert (D)
  Gastronok (D)
  Maud (D)
  2 dire elephants (D)
  3 hydras (D)
  Erolcha (D)
  3 alligator snapping turtles (D)
  4 death yaks (D)
  A death drake (D)
  A lindwurm (D)
  3 swamp dragons (D)
  2 elephants (D)
  2 spiny frogs (D)
  2 black mambas (D)
  A fire drake (D)
  A deep elf priest (D)
  A komodo dragon (D)
  3 snapping turtles (D)
  3 wandering mushrooms (D)
  A queen bee (D)
  8 blink frogs (D)
  2 trapdoor spiders (D)
  4 redbacks (D)
  A shadow (D)
  A spatial vortex (D)
  2 hill giants (D)
  3 swamp drakes (D)
  A necrophage (D)
  3 two-headed ogres (D)
  2 brain worms (D)
  A water elemental (D)
  32 killer bees (D)
  A jelly (D)
  A wizard (D)
  Crazy Yiuf (D)
  Jessica (D)
  A necromancer (D)
  A kobold demonologist (D)
  3 humans (D)
  3 rats (D)
  A tentacle (D)
  A tentacle segment (D)
112 creatures vanquished.

Vanquished Creatures (others)
  2 draconian scorchers (D)
  3 yaktaurs (D)
  An electric eel (D)
  A fungus (D)
  3 tentacles (D)
  16 tentacle segments (D)
26 creatures vanquished.

Grand Total: 138 creatures vanquished

Notes
Turn   | Place    | Note
--------------------------------------------------------------
     0 | D        | Kidiri the Spriggan Enchanter began the quest for the Orb.
     0 | D        | Reached XP level 1. HP: 9/9 MP: 5/5
    20 | D        | Noticed Jessica
    25 | D        | Killed Jessica
    25 | D        | Reached skill level 5 in Dodging
    25 | D        | Reached skill level 6 in Stealth
    25 | D        | Reached XP level 2. HP: 13/13 MP: 6/8
    29 | D        | Learned a level 2 spell: Ensorcelled Hibernation
    65 | D        | Reached skill level 7 in Stealth
    65 | D        | Reached XP level 3. HP: 16/16 MP: 6/10
    70 | D        | Learned a level 3 spell: Confuse
    74 | D        | Learned a level 3 spell: Tukima's Dance
    98 | D        | Killed a yaktaur
   159 | D        | Killed a white draconian scorcher
   176 | D        | Killed a white draconian scorcher
   202 | D        | Noticed Crazy Yiuf
   211 | D        | Killed Crazy Yiuf
   211 | D        | Reached skill level 5 in Spellcasting
   211 | D        | Reached skill level 1 in Ice Magic
   211 | D        | Reached XP level 4. HP: 21/21 MP: 7/12
   264 | D        | Gained mutation: You are weak. (Str -2) [potion of mutation]
   264 | D        | Gained mutation: You can breathe flames. [potion of mutation]
   264 | D        | Gained mutation: Your system is resistant to poisons. [potion of mutation]
   265 | D        | Gained mutation: You passively map a small area around you. [potion of mutation]
   265 | D        | Gained mutation: You are frail (-10% HP). [potion of mutation]
   265 | D        | Gained mutation: You are clumsy. (Dex -2) [potion of mutation]
   270 | D        | Learned a level 3 spell: Dazzling Spray
   410 | D        | Noticed a water elemental
   458 | D        | Killed a water elemental
   458 | D        | Reached skill level 8 in Stealth
   458 | D        | Reached skill level 5 in Hexes
   458 | D        | Reached skill level 1 in Evocations
   587 | D        | Noticed a jelly
   588 | D        | Noticed a shadow
   590 | D        | Killed a shadow
   590 | D        | Reached skill level 10 in Stealth
   590 | D        | Reached skill level 1 in Conjurations
   590 | D        | Reached XP level 5. HP: 21/21 MP: 12/15
   590 | D        | Reached XP level 6. HP: 25/25 MP: 13/17
   594 | D        | Killed a jelly
   651 | D        | Found a stormy altar of Qazlal.
   652 | D        | Found a sacrificial altar of Ru.
   652 | D        | Found a burning altar of Makhleb.
   652 | D        | Found a viscous altar of Jiyva.
   652 | D        | Found a shimmering altar of Xom.
   652 | D        | Found a shadowy altar of Dithmenos.
   652 | D        | Found a sparkling altar of Nemelex Xobeh.
   652 | D        | Found a corrupted altar of Lugonu.
   652 | D        | Found an opulent altar of Gozag.
   652 | D        | Noticed a spatial vortex
   658 | D        | Killed a spatial vortex
   661 | D        | Became a worshipper of Dithmenos the Shadowed
   796 | D        | Found a radiant altar of Vehumet.
   797 | D        | Found a deep blue altar of Sif Muna.
   797 | D        | Found an ancient bone altar of Kikubaaqudgha.
   797 | D        | Noticed a wizard
   798 | D        | Killed a wizard
   798 | D        | Reached skill level 5 in Short Blades
   798 | D        | Reached skill level 11 in Stealth
   800 | D        | Reached skill level 10 in Dodging
   812 | D        | Learned a level 3 spell: Summon Guardian Golem
   817 | D        | Learned a level 4 spell: Summon Lightning Spire
   887 | D        | Found a glowing silver altar of Zin.
   888 | D        | Found a glowing golden altar of the Shining One.
   888 | D        | Found a white marble altar of Elyvilon.
   888 | D        | Noticed a deep elf priest
   890 | D        | Killed a deep elf priest
   890 | D        | Reached skill level 5 in Evocations
   890 | D        | Reached XP level 7. HP: 28/28 MP: 18/20
   903 | D        | Found an iron altar of Okawaru.
   904 | D        | Found a bloodstained altar of Trog.
   904 | D        | Noticed a human
   904 | D        | Noticed a human
   906 | D        | Killed a human
   906 | D        | Reached skill level 12 in Stealth
   907 | D        | Killed a human
   907 | D        | Reached XP level 8. HP: 32/32 MP: 18/22
   921 | D        | Found a basalt altar of Yredelemnul.
   921 | D        | Found a snail-covered altar of Cheibriados.
   921 | D        | Found a blossoming altar of Fedhas.
   921 | D        | Noticed a necrophage
   921 | D        | Noticed a necromancer
   923 | D        | Killed a necrophage
   923 | D        | Acquired Dithmenos's first power
   924 | D        | Killed a necromancer
   943 | D        | Noticed a two-headed ogre
   943 | D        | Noticed a two-headed ogre
   947 | D        | Killed a two-headed ogre
   949 | D        | Killed a two-headed ogre
   951 | D        | Noticed a two-headed ogre
   952 | D        | Killed a two-headed ogre
   952 | D        | Acquired Dithmenos's second power
   963 | D        | Noticed a hill giant
   966 | D        | Killed a hill giant
   966 | D        | Reached skill level 13 in Stealth
   966 | D        | Reached skill level 10 in Spellcasting
   966 | D        | Reached skill level 1 in Air Magic
   972 | D        | Noticed a hill giant
   972 | D        | Noticed Erolcha
   974 | D        | Killed Erolcha
   974 | D        | Reached skill level 1 in Summonings
   974 | D        | Reached XP level 9. HP: 35/35 MP: 24/24
   975 | D        | Killed a hill giant
   975 | D        | Acquired Dithmenos's third power
   998 | D        | Noticed a redback
  1003 | D        | Killed a redback
  1003 | D        | Reached skill level 14 in Stealth
  1115 | D        | Noticed a trapdoor spider
  1131 | D        | Killed a trapdoor spider
  1406 | D        | Learned a level 4 spell: Summon Ice Beast
  1415 | D        | Noticed a trapdoor spider
  1425 | D        | Killed a yaktaur
  1431 | D        | Killed a trapdoor spider
  1431 | D        | Reached skill level 5 in Ice Magic
  1525 | D        | Noticed a killer bee
  1525 | D        | Noticed a killer bee
  1525 | D        | Noticed a killer bee
  1525 | D        | Noticed a killer bee
  1525 | D        | Noticed a killer bee
  1525 | D        | Noticed a killer bee
  1525 | D        | Noticed a killer bee
  1525 | D        | Noticed a killer bee
  1525 | D        | Noticed a killer bee
  1525 | D        | Noticed a killer bee
  1525 | D        | Noticed a queen bee
  1525 | D        | Noticed a killer bee
  1525 | D        | Noticed a killer bee
  1525 | D        | Noticed a killer bee
  1525 | D        | Noticed a killer bee
  1530 | D        | Noticed a killer bee
  1530 | D        | Noticed a killer bee
  1530 | D        | Noticed a killer bee
  1530 | D        | Noticed a killer bee
  1530 | D        | Noticed a killer bee
  1530 | D        | Noticed a killer bee
  1530 | D        | Noticed a killer bee
  1530 | D        | Noticed a killer bee
  1530 | D        | Noticed a killer bee
  1530 | D        | Noticed a killer bee
  1530 | D        | Noticed a killer bee
  1530 | D        | Noticed a killer bee
  1530 | D        | Noticed a killer bee
  1530 | D        | Noticed a killer bee
  1530 | D        | Noticed a killer bee
  1530 | D        | Noticed a killer bee
  1530 | D        | Noticed a killer bee
  1530 | D        | Noticed a killer bee
  1531 | D        | Killed a killer bee
  1532 | D        | Killed a killer bee
  1534 | D        | Killed a killer bee
  1535 | D        | Killed a killer bee
  1535 | D        | Acquired Dithmenos's fourth power
  1538 | D        | Killed a killer bee
  1539 | D        | Killed a killer bee
  1541 | D        | Killed a killer bee
  1542 | D        | Killed a killer bee
  1544 | D        | Killed a killer bee
  1548 | D        | Killed a killer bee
  1554 | D        | Killed a killer bee
  1559 | D        | Killed a killer bee
  1561 | D        | Killed a killer bee
  1563 | D        | Killed a killer bee
  1565 | D        | Killed a killer bee
  1567 | D        | Killed a killer bee
  1569 | D        | Killed a killer bee
  1715 | D        | Killed a killer bee
  1722 | D        | Killed a killer bee
  1724 | D        | Killed a killer bee
  1726 | D        | Killed a killer bee
  1728 | D        | Killed a killer bee
  1731 | D        | Killed a killer bee
  1731 | D        | Reached skill level 15 in Stealth
  1733 | D        | Killed a killer bee
  1735 | D        | Killed a killer bee
  1737 | D        | Killed a killer bee
  1739 | D        | Killed a killer bee
  1742 | D        | Killed a queen bee
  1742 | D        | Reached XP level 10. HP: 24/39 MP: 6/26
  1751 | D        | Killed a yaktaur
  1753 | D        | Killed a killer bee
  1758 | D        | Killed a killer bee
  1765 | D        | Killed a killer bee
  1797 | D        | Killed a killer bee
  1799 | D        | Killed a killer bee
  1973 | D        | Noticed a wandering mushroom
  1974 | D        | Noticed a wandering mushroom
  1974 | D        | Noticed a wandering mushroom
  1976 | D        | Killed a wandering mushroom
  1978 | D        | Killed a wandering mushroom
  1979 | D        | Killed a wandering mushroom
  2027 | D        | Noticed a spiny frog
  2027 | D        | Noticed a komodo dragon
  2027 | D        | Noticed a spiny frog
  2030 | D        | Killed a spiny frog
  2030 | D        | Reached skill level 5 in Conjurations
  2034 | D        | Killed a komodo dragon
  2037 | D        | Killed a spiny frog
  2037 | D        | Reached skill level 16 in Stealth
  2163 | D        | Noticed a redback
  2165 | D        | Killed a redback
  2166 | D        | Noticed a brain worm
  2170 | D        | Killed a brain worm
  2174 | D        | Noticed a brain worm
  2177 | D        | Killed a brain worm
  2183 | D        | Noticed a lindwurm
  2185 | D        | Noticed a redback
  2188 | D        | Killed a lindwurm
  2192 | D        | Killed a redback
  2192 | D        | Reached skill level 15 in Dodging
  2418 | D        | Noticed a redback
  2419 | D        | Killed a redback
  2420 | D        | Noticed Maud
  2422 | D        | Killed Maud
  2422 | D        | Reached skill level 10 in Hexes
  2422 | D        | Reached XP level 11. HP: 42/42 MP: 27/29
  2458 | D        | Noticed a swamp drake
  2458 | D        | Noticed a fire drake
  2459 | D        | Killed a fire drake
  2459 | D        | Reached skill level 17 in Stealth
  2461 | D        | Killed a swamp drake
  2461 | D        | Reached skill level 5 in Air Magic
  2473 | D        | Noticed a blink frog
  2473 | D        | Noticed a blink frog
  2473 | D        | Noticed a blink frog
  2473 | D        | Noticed a blink frog
  2474 | D        | Noticed a blink frog
  2475 | D        | Killed a blink frog
  2480 | D        | Killed a blink frog
  2482 | D        | Killed a blink frog
  2483 | D        | Killed a blink frog
  2487 | D        | Killed a blink frog
  2586 | D        | Killed an electric eel
  2629 | D        | Noticed Rupert
  2632 | D        | Killed Rupert
  2632 | D        | Reached skill level 5 in Summonings
  2632 | D        | Reached skill level 10 in Evocations
  2711 | D        | Noticed a death yak
  2712 | D        | Noticed a death yak
  2712 | D        | Noticed a blink frog
  2713 | D        | Killed a death yak
  2713 | D        | Reached skill level 18 in Stealth
  2714 | D        | Noticed an azure jelly
  2714 | D        | Noticed a death yak
  2714 | D        | Noticed an azure jelly
  2714 | D        | Noticed a blink frog
  2714 | D        | Noticed a death yak
  2715 | D        | Killed a death yak
  2716 | D        | Killed a blink frog
  2717 | D        | Noticed a blink frog
  2717 | D        | Noticed a black mamba
  2725 | D        | Killed a blink frog
  2727 | D        | Killed a death yak
  2732 | D        | Killed a death yak
  2734 | D        | Killed a blink frog
  2735 | D        | Noticed a black mamba
  2758 | D        | Killed a black mamba
  2760 | D        | Killed a black mamba
  2918 | D        | Noticed a swamp drake
  2918 | D        | Noticed a swamp dragon
  2920 | D        | Killed a swamp drake
  2921 | D        | Noticed a swamp dragon
  2921 | D        | Noticed a swamp drake
  2921 | D        | Noticed a swamp dragon
  2921 | D        | Found Zaunisen's Food Shoppe.
  2921 | D        | Found Caurik's Jewellery Boutique.
  2921 | D        | Found Ushev's Antique Armour Emporium.
  2922 | D        | Killed a swamp dragon
  2922 | D        | Reached skill level 10 in Short Blades
  2922 | D        | Reached XP level 12. HP: 45/45 MP: 26/31
  2932 | D        | Killed a swamp drake
  2936 | D        | Killed a swamp dragon
  2939 | D        | Killed a swamp dragon
  3104 | D        | Noticed a four-headed hydra
  3104 | D        | Noticed the 27-headed Lernaean hydra
  3106 | D        | Killed the 27-headed Lernaean hydra
  3106 | D        | Reached skill level 19 in Stealth
  3106 | D        | Reached skill level 15 in Spellcasting
  3108 | D        | Killed a four-headed hydra
  3112 | D        | Got a decaying rune of Zot
  3249 | D        | Noticed an azure jelly
  3249 | D        | Noticed an azure jelly
  3251 | D        | Noticed an elephant
  3251 | D        | Noticed an elephant
  3251 | D        | Noticed a dire elephant
  3251 | D        | Noticed a dire elephant
  3251 | D        | Noticed Gastronok
  3253 | D        | Killed Gastronok
  3254 | D        | Killed a dire elephant
  3254 | D        | Reached skill level 20 in Stealth
  3256 | D        | Killed a dire elephant
  3260 | D        | Killed an elephant
  3262 | D        | Killed an elephant
  3410 | D        | Noticed a four-headed hydra
  3410 | D        | Noticed an eight-headed hydra
  3412 | D        | Killed a four-headed hydra
  3413 | D        | Killed an eight-headed hydra
  3428 | D        | Noticed a death drake
  3431 | D        | Killed a death drake
  3431 | D        | Reached XP level 13. HP: 49/49 MP: 30/34
  3434 | D        | Noticed a snapping turtle
  3436 | D        | Noticed a kraken
  3436 | D        | Noticed a snapping turtle
  3437 | D        | Killed a snapping turtle
  3438 | D        | Noticed an alligator snapping turtle
  3438 | D        | Noticed an alligator snapping turtle
  3438 | D        | Noticed an alligator snapping turtle
  3438 | D        | Noticed a snapping turtle
  3438 | D        | Found Mathysulu's Jewellery Boutique.
  3438 | D        | Found Yckolu Wofa's Food Shop.
  3438 | D        | Found Orauseat's Antique Armour Emporium.
  3439 | D        | Killed a snapping turtle
  3441 | D        | Killed an alligator snapping turtle
  3443 | D        | Killed an alligator snapping turtle
  3445 | D        | Killed an alligator snapping turtle
  3449 | D        | Killed a snapping turtle
  3452 | D        | Got a barnacled rune of Zot
  3640 | D        | Slain by a kraken

Vault maps used:
D:        dungeon_sprint_mu

Action                   |  1- 3 |  4- 6 |  7- 9 | 10-12 | 13-15 || total
-------------------------+-------+-------+-------+-------+-------++-------
Melee: Dagger            |     6 |    20 |    52 |    61 |    11 ||   150
 Cast: Ensorcelled Hiber |     2 |     1 |    27 |    22 |     1 ||    53
       Dazzling Spray    |       |       |     4 |    18 |     6 ||    28
       Confuse           |       |       |     2 |       |     1 ||     3
       Summon Ice Beast  |       |       |       |       |     3 ||     3
Invok: Shadow Step       |       |       |       |     8 |     3 ||    11
 Abil: Evoke Invisibilit |       |     3 |     2 |     3 |       ||     8
       Breathe Fire      |       |     1 |       |       |       ||     1
  Use: Scroll            |       |     3 |       |       |       ||     3
       Potion            |       |     2 |     1 |       |       ||     3
 Stab: Sleeping          |     5 |     6 |    29 |    42 |     7 ||    89
       Invisible         |       |     3 |     6 |     3 |       ||    12
       Confused          |       |       |     4 |       |       ||     4
       Held in net/web   |       |       |     1 |       |       ||     1
  Eat: Royal jelly       |       |       |     1 |       |       ||     1
       Bread ration      |       |       |       |     1 |       ||     1
